 Dungeon Sprint DCSS version 0.31-a0-986-g5e6e4ef867 (webtiles) character file.

Game seed: 10592139513006175105

639 sircluck the Grappler (level 7, -5/111 (118) HPs)
             Began as a Troll Berserker on Nov 13, 2023.
             Was a Priest of Trog.
             Slain by a soul eater (9 damage)
             ... summoned by a kobold demonologist
             ... in the Dungeon (Sprint I: "Red Sonja").
             The game lasted 00:01:15 (136 turns).

sircluck the Grappler (Troll Berserker)              Turns: 136, Time: 00:01:15

HP:   -5/111 (118)  AC:  4    Str: 28    XL:     7   Next: 25%
MP:   6/6           EV: 11    Int:  3    God:    Trog [***...]
Gold: 270           SH:  0    Dex:  9    Spells: 6/6 levels left

rFire   . .          .
                       - Unarmed
rCold   . . .        (no shield)
rNeg    . . .        a - +0 animal skin
rPois   .            (helmet restricted)
rElec   .            (no cloak)
rCorr   .            (gloves unavailable)
SInv    .            (boots unavailable)
Will    .....        (no amulet) Stlth
                     (no ring)
HPRegen 1.18/turn    (no ring)
MPRegen 0.10/turn

%: no teleportation
@: berserking, fragile, drained, very quick
A: large, unfitting armour, claws 3, regeneration 1, shaggy fur 1, tough skin 1
a: Renounce Religion, Berserk, Trog's Hand


You were in the Dungeon.
You worshipped Trog.
Trog was most pleased with you.
You visited 1 branch You collected 270 gold pieces.

Inventory:

Armour
 a - a +0 animal skin (worn)
Wands
 h - a wand of mindburst (22)
Scrolls
 g - a scroll of blinking
Potions
 b - a potion of curing
 c - a potion of heal wounds
 d - a potion of haste
 e - 2 potions of magic
 f - a potion of berserk rage
 i - a potion of might {unknown}


   Skills:
 + Level 7.8 Fighting
 + Level 3.9 Armour
 + Level 7.7 Dodging
 + Level 9.2 Unarmed Combat


You had 6 spell levels left.
You didn't know any spells.
Your spell library was empty.

Dungeon Overview and Level Annotations

Branches:
Dungeon (1/1)

Altars:
Makhleb
Sif Muna
Vehumet
Wu Jian
Xom
Jiyva
Lugonu


Innate Abilities, Weirdness & Mutations

You are too large for most types of armour.
You have claws for hands.
Your natural rate of healing is unusually fast.
You are covered in fur. (AC +1)
You have tough skin. (AC +1)


Message History

The kobold demonologist looks satisfied for a moment.
The kobold demonologist looks encouraged for a moment.
Your Armour skill increases to level 3!
Your Unarmed Combat skill increases to level 9!
You have reached level 7!
You scratch the kobold demonologist.
The kobold demonologist is lightly wounded.
The kobold demonologist hits you with a +0 dagger.
The kobold demonologist mumbles some strange words.
The soul eater draws from the surrounding life force!
Unknown command.
A red film seems to cover your vision as you go berserk!
You feel yourself moving faster!
You feel mighty!
The kobold demonologist hits you with a +0 dagger.
The soul eater misses you.
You miss the kobold demonologist.
The kobold demonologist is lightly wounded.
You closely miss the kobold demonologist.
You claw the kobold demonologist.
The kobold demonologist is lightly wounded.
The soul eater hits you.
Unknown command.
You mangle the sun demon!!
You claw the sun demon, but do no damage.
The sun demon is heavily wounded.
You miss the sun demon.
The sun demon is heavily wounded.
The kobold demonologist casts a spell.
The soul eater hits you.
You feel drained.
You barely miss the sun demon.
The sun demon is heavily wounded.
The sun demon hits you!!
You are engulfed in flames!
* * * LOW HITPOINT WARNING * * *
Unknown command.
You mangle the sun demon!!
The sun demon is almost dead.
The soul eater hits you!
* * * LOW HITPOINT WARNING * * *
You feel drained.
You die...

#####################
.)..#..'..#__#..@3K.#
.#..').#..'..'..#355#
###'#####'#__####K..+
#..# #[#### #### ####
#.# #_.+ ..._# #_.#+#
##+


You could see a soul eater (summoned), a sun demon (summoned), 2 kobold
demonologists, a quasit (summoned) and a shadow imp (summoned).

Vanquished Creatures
  A glass eye (D)
  A slime creature (D)
  Sigmund (D)
  An ogre (D)
  A jelly (D)
  Ijyb (D)
6 creatures vanquished.

Notes
Turn   | Place    | Note
-------+----------+-------------------------------------------
     0 | D        | sircluck the Troll Berserker began the quest for the Orb.
     0 | D        | Reached XP level 1. HP: 22/22 MP: 0/0
     1 | D        | Noticed Ijyb
    12 | D        | Killed Ijyb
    13 | D        | Reached skill level 4 in Unarmed Combat
    13 | D        | Reached XP level 2. HP: 32/32 MP: 1/1
    16 | D        | Noticed an ogre
    21 | D        | Killed an ogre
    22 | D        | Reached skill level 5 in Fighting
    22 | D        | Reached skill level 5 in Dodging
    22 | D        | Reached skill level 6 in Unarmed Combat
    22 | D        | Reached XP level 3. HP: 42/42 MP: 2/2
    22 | D        | Reached XP level 4. HP: 50/50 MP: 3/3
    26 | D        | Noticed Sigmund
    34 | D        | Killed Sigmund
    34 | D        | Reached ** piety under Trog
    35 | D        | Reached skill level 7 in Unarmed Combat
    35 | D        | Reached XP level 5. HP: 61/61 MP: 4/4
    60 | D        | Found an ornate altar of the Wu Jian Council.
    60 | D        | Found a shimmering blue altar of Sif Muna.
    61 | D        | Found a burning altar of Makhleb.
    61 | D        | Found a viscous altar of Jiyva.
    61 | D        | Found a shimmering altar of Xom.
    61 | D        | Found a corrupted altar of Lugonu.
    61 | D        | Noticed a slime creature
    70 | D        | Killed a slime creature
    71 | D        | Reached skill level 8 in Unarmed Combat
    71 | D        | Reached XP level 6. HP: 59/71 MP: 5/5
    73 | D        | Found a radiant altar of Vehumet.
   123 | D        | Noticed a kobold demonologist
   123 | D        | Noticed a glass eye
   123 | D        | Noticed a kobold demonologist
   125 | D        | Noticed a soul eater
   128 | D        | Killed a glass eye
   128 | D        | Reached *** piety under Trog
   129 | D        | Reached skill level 9 in Unarmed Combat
   129 | D        | Reached XP level 7. HP: 68/79 MP: 6/6
   130 | D        | Noticed a sun demon
   136 | D        | HP: 4/115 [soul eater[a kobold demonologist] (22)]
   136 | D        | Slain by a soul eater

Illustrated notes

Levels and vault maps discovered:
D:        dungeon_sprint_1 [red_sonja_temple_1, red_sonja_temple_small_1]

Skill      XL: |  1  2  3  4  5  6 |
---------------+-------------------+-----
Fighting       | 3 5 6 7 |  7.8
Dodging        | 3 5 6 7 |  7.7
Unarmed Combat | 4 6 7 8 9 |  9.2
Armour         | 2 3 |  3.9

Action                     |  1- 3 |  4- 6 |  7- 9 || total
---------------------------+-------+-------+-------++-------
  Melee: Unarmed           |    14 |    19 |     7 ||    40
         Punch             |       |       |     2 ||     2
 Invoke: Berserk           |       |     1 |     1 ||     2
 Armour: Animal skin       |     2 |    11 |     7 ||    20
  Dodge: Dodged            |     8 |     1 |     1 ||    10

Table legend: (Time is in decaauts)
 A = Elapsed time spent in this place.
 B = Non-inter-level travel time spent in this place.
 C = Inter-level travel time spent in this place.
 D = Time resting spent in this place.
 E = Time spent auto-exploring this place.
 F = Levels seen in this place.
 G = Mean time per level.
                   A        B        C        D        E       F      G
               +--------+--------+--------+--------+--------+-----+--------+
         Total |    135 |    135 |      0 |     38 |     19 |   1 |  135.0 |
       Dungeon |    135 |    135 |      0 |     38 |     19 |   1 |  135.0 |
               +--------+--------+--------+--------+--------+-----+--------+

Top non-repeatable levels by time:
       D: 135 daAuts
